 Dungeon Crawl Stone Soup version 0.29.1-1-gd02db6906a (webtiles) character file.

Game seed: 10913675799382234610

28 RogueRain17 the Ruffian (level 3, 27/27 HPs)
             Began as a Demonspawn Gladiator on Sept 19, 2022.
             Got out of the dungeon alive.
             The game lasted 00:01:38 (1165 turns).

RogueRain17 the Ruffian (Demonspawn Gladiator)      Turns: 1165, Time: 00:01:38

Health: 27/27      AC:  7    Str: 16    XL:     3   Next: 0%
Magic:  3/3        EV: 12    Int:  9    God:
Gold:   41         SH:  0    Dex: 14    Spells: 2/2 levels left

rFire   + . .      SeeInvis .     - Unarmed
rCold   . . .      Faith    .   (no shield)
rNeg    . . .      Spirit   .   a - +0 leather armour
rPois   .          Reflect  .   b - +0 helmet
rElec   .          Harm     .   (no cloak)
rCorr   .          Rampage  .   (no gloves)
Will    .....                   (no boots)
Stlth   +.........              (no amulet)
HPRegen 0.09/turn               h - ring of protection from fire
MPRegen 0.08/turn               (no ring)

@: no status effects
A: yellow scales 2
a: no special abilities


You escaped.
You visited 1 branch of the dungeon, and saw 2 of its levels.

You collected 41 gold pieces.

Inventory:

Missiles
 c - 3 throwing nets (quivered)
 d - a javelin
Armour
 a - a +0 leather armour (worn)
 b - a +0 helmet (worn)
Jewellery
 h - a ring of protection from fire (left hand)
Scrolls
 f - a scroll of poison {unknown}
 i - a scroll of identify {unknown}
 j - a scroll of noise {unknown}
Potions
 e - a potion of attraction {unknown}
 g - a potion of mutation {unknown}
 k - a potion of curing {unknown}


   Skills:
 - Level 2.0 Fighting
 - Level 1.7 Throwing
 + Level 3.1 Dodging
 * Level 3.5 Unarmed Combat


You had 2 spell levels left.
You didn't know any spells.
Your spell library was empty.

Dungeon Overview and Level Annotations

Branches:
Dungeon (2/15)

Altars:


Innate Abilities, Weirdness & Mutations

You are mostly covered in yellow scales. (AC +3)


Message History

You kill the kobold!
The hobgoblin barely misses you.
You hit the hobgoblin.
The hobgoblin is moderately wounded.
The hobgoblin hits you but does no damage.
You hit the hobgoblin but do no damage.
The hobgoblin is moderately wounded.
You closely miss the hobgoblin.
The hobgoblin is moderately wounded.
The hobgoblin hits you but does no damage.
You barely miss the hobgoblin.
The hobgoblin is moderately wounded.
The hobgoblin misses you.
You hit the hobgoblin.
The hobgoblin is heavily wounded.
The hobgoblin barely misses you.
You hit the hobgoblin but do no damage.
The hobgoblin is heavily wounded.
The hobgoblin hits you but does no damage.
You hit the hobgoblin but do no damage.
The hobgoblin is heavily wounded.
The hobgoblin closely misses you.
You hit the hobgoblin.
You kill the hobgoblin!
You have reached level 3!
Your experience leads to an increase in your attributes!
Increase (S)trength, (I)ntelligence, or (D)exterity?
You feel stronger. x2; Your demonic ancestry asserts itself...
Yellow scales spread over more of your body.
There is a stone staircase leading up here.
You climb upwards.
There is a stone staircase leading down here.
There is an open door here.
There is a dry fountain here.
You enter the shallow water.
Moving in this stuff is going to be slow.
HP restored.
There is a staircase leading out of the dungeon here.
Are you sure you want to leave the Dungeon?
This will make you lose the game!
You have escaped!

#.#### #≈≈≈~≈≈~~~~≈≈≈#
###. #.####
#≈≈≈~~≈~~~~≈≈≈# #.
#....# #≈≈≈~~~~≈~~≈≈≈#
#. ####.#
#≈≈≈≈~~~~~≈≈≈≈# #.
..##.# #≈≈≈≈~~~~~≈≈≈≈#
#####' #....#
#≈≈≈≈~~~~~≈≈≈≈# #.....
######
#≈≈≈≈~~~~~~≈≈≈#####.....
#≈≈~~~...~~≈≈≈##........
#≈~~~..@..~~≈≈##........
#≈≈~~~...~~~≈≈##......##
#≈≈≈≈~~~~~≈≈≈≈#########
#≈≈≈~~~~~~≈≈≈≈# #######
#≈≈≈≈≈≈≈≈≈≈≈≈≈# #......
#≈≈≈≈≈≈≈≈≈≈≈≈≈# #.#####
############### #..†#..
#.###.. #.#....


There were no monsters in sight!

Vanquished Creatures
  A dart slug (D:1)
  5 bats
  2 giant cockroaches (D:1)
  A goblin (D:1)
  6 hobgoblins
  A quokka (D:1)
  2 ball pythons (D:1)
  A frilled lizard (D:1)
  3 kobolds
  2 rats (D:1)
24 creatures vanquished.

Notes
Turn   | Place    | Note
-------+----------+-------------------------------------------
     0 | D:1      | RogueRain17 the Demonspawn Gladiator began the quest for
                  | the Orb.
     0 | D:1      | Reached XP level 1. HP: 16/16 MP: 1/1
   349 | D:1      | Gained mutation: You are partially covered in yellow
                  | scales. (AC +2) [demonic ancestry]
   349 | D:1      | Reached XP level 2. HP: 18/22 MP: 2/2
   776 | D:1      | Found a faded altar of an unknown god.
  1111 | D:2      | Gained mutation: You are mostly covered in yellow scales.
                  | (AC +3) [demonic ancestry]
  1111 | D:2      | Reached XP level 3. HP: 23/27 MP: 3/3
  1165 | D:$      | Got out of the dungeon alive.

Illustrated notes

Levels and vault maps discovered:
D:1:      zaba_arrival_water, layout_basic, ebering_ecumenical_altar_sacrificial
D:2:      layout_loops_ring

Skill      XL: |  1  2 |
---------------+-------+-----
Unarmed Combat | 3 |  3.5
Dodging        | 3 |  3.1
Fighting       | |  2.0
Throwing       | |  1.7

Action                   || total
-------------------------++-------
Melee: Unarmed           ||   107
       Punch             ||     2
Armor: Leather armour    ||    42
Dodge: Dodged            ||    92
